 Dungeon Crawl Stone Soup version 0.19.0-19-g8c6edcc (webtiles) character file.

28697 Yakui the Covert (level 13, -8/154 HPs)
             Began as a Human Assassin on Nov 13, 2016.
             Was a High Priest of Dithmenos.
             Killed from afar by a hell hog (42 damage)
             ... with a fireball
             ... in a volcano on Nov 14, 2016.
             The game lasted 01:22:21 (24163 turns).

Yakui the Covert (Human Assassin)                  Turns: 24163, Time: 01:22:21

Health: -8/154     AC: 21    Str: 17    XL:     13   Next: 75%
Magic:  19/19      EV: 19    Int: 13    God:    Dithmenos [*****.]
Gold:   722        SH:  8    Dex: 18    Spells: 1 memorised, 17 levels left

rFire  . . .     SeeInvis .     R - +0 rapier (vamp)
rCold  . . .     Gourm    .     w - +3 leather armour
rNeg   + . .     Faith    .     B - +3 buckler of Plog {rN+}
rPois  .         Spirit   .     l - +0 helmet
rElec  .         Reflect  .     d - +0 cloak
rCorr  .         Harm     .     O - +2 pair of gloves
MR     .....                    T - +0 pair of boots
Stlth  ..........               (no amulet)
                                L - +3 ring of protection
                                a - +6 ring of protection

@: berserking, wreathed by umbra, very quick
A: no striking features
a: Shadow Step, Shadow Form, Renounce Religion


You were in a volcano.
You worshipped Dithmenos.
Dithmenos was extremely pleased with you.
You were not hungry.

You visited 3 branches of the dungeon, and saw 17 of its levels.
You also visited: Sewer, Bailey and Volcano.

You collected 1124 gold pieces.
You spent 402 gold pieces at shops.

Inventory:

Hand Weapons
 b - a +0 blowgun
 h - a +5 dagger
 y - the +6 long sword of Pulur {slice, Int+4}
   (You bought it in a shop on level 10 of the Dungeon)

   It inflicts extra damage upon your enemies.
   It affects your intelligence (+4).
 Q - a +4 short sword of protection
 R - a +0 vampiric rapier (weapon)
Missiles
 e - 95 poisoned needles
 f - 2 curare-tipped needles
Armour
 d - a +0 cloak (worn)
 l - a +0 helmet (worn)
 w - a +3 leather armour (worn)
 B - the +3 buckler of Plog (worn) {rN+}
   (You found it in a bailey)

   It protects you from negative energy.
 O - a +2 pair of gloves (worn)
 T - a +0 pair of boots (worn)
Rods
 D - a +0 iron rod (9/9)
   (You found it on level 13 of the Dungeon)
Jewellery
 a - a +6 ring of protection (left hand)
 G - a +4 ring of dexterity
 H - an uncursed ring of protection from magic
 J - an uncursed ring of ice
 L - a +3 ring of protection (right hand)
Wands
 m - a wand of slowing (18/48)
 P - a wand of confusion (39/48)
 S - a wand of lightning (8/15)
 Y - a wand of hasting (2/9)
Scrolls
 c - 2 scrolls of remove curse
 k - 2 scrolls of noise
 n - a scroll of amnesia
 q - 4 scrolls of magic mapping
 s - 4 scrolls of recharging
 I - 2 scrolls of fear
 X - a scroll of teleportation
 Z - a scroll of blinking
Potions
 j - 5 potions of brilliance
 p - 3 potions of curing
 r - a potion of cancellation {unknown}
 t - 3 potions of cure mutation
 u - 5 potions of heal wounds
 v - 2 potions of magic
 x - 3 potions of mutation
 z - 7 potions of might
 A - 6 potions of haste
 E - a potion of berserk rage
 K - a potion of beneficial mutation {unknown}
 U - a potion of ambrosia {unknown}
Books
 o - a book of Maledictions

   Spells                             Type                      Level
   a - Corona                         Hexes                        1
   b - Ensorcelled Hibernation        Hexes/Ice                    2
   c - Confuse                        Hexes                        3
   d - Tukima's Dance                 Hexes                        3
   e - Dazzling Spray                 Conjuration/Hexes            3
 N - a book of Cantrips

   Spells                             Type                      Level
   a - Confusing Touch                Hexes                        1
   b - Animate Skeleton               Necromancy                   1
   c - Summon Small Mammal            Summoning                    1
   d - Apportation                    Translocation                1
 W - a book of Misfortune

   Spells                             Type                      Level
   a - Confusing Touch                Hexes                        1
   b - Confuse                        Hexes                        3
   c - Gell's Gravitas                Hexes/Translocation          3
   d - Petrify                        Transmutation/Earth          4
   e - Metabolic Englaciation         Hexes/Ice                    5
   f - Yara's Violent Unravelling     Hexes/Transmutation          5
Comestibles
 g - 11 bread rations
 i - 6 meat rations
 M - 11 chunks of flesh
 V - a slice of pizza


   Skills:
 - Level 10.0 Fighting
 + Level 10.2(10.4) Short Blades
 - Level 2.6(7.0) Long Blades
 - Level 2.0 Throwing
 - Level 10.3 Dodging
 + Level 12.0 Stealth
 * Level 3.4 Shields
 - Level 4.0 Spellcasting
 - Level 5.8 Hexes
 - Level 5.1 Invocations


You had 17 spell levels left.
You knew the following spells:

 Your Spells              Type           Power        Failure   Level  Hunger
b - Confuse               Hex            ###.....     10%         3    ###....


Dungeon Overview and Level Annotations

Branches:
Dungeon (14/15)            Temple (1/1) D:5            Lair (2/6) D:8
  Snake (0/4) Lair:2          Orc (0/2) D:11         Vaults (0/5) D:14
  Swamp: Lair:2-4    Shoals: Lair:2-4

Altars:
Ashenzari
Cheibriados
Dithmenos
Elyvilon
Fedhas
Gozag
Hepliaklqana
Kikubaaqudgha
Makhleb
Nemelex Xobeh
Okawaru
Qazlal
Ru
Sif Muna
Trog
Uskayaw
Vehumet
Xom
Yredelemnul
Zin
The Shining One

Shops:
D:7 }   D:10 (?([[

Annotations:
D:5 Sigmund
D:6 mmcf's ghost, novice FoFi
D:14 Frances


Message History

You completely miss the hell hog.
The hell hog is moderately wounded.
The hell hog breathes fire at you.
The fireball explodes!
The fireball engulfs you!
* * * LOW HITPOINT WARNING * * *
The fireball engulfs the hell hog.
The hell hog resists.
You are too injured to fight recklessly!
You are too injured to fight recklessly!
You are too injured to fight recklessly!
You are too injured to fight recklessly!
You are too injured to fight recklessly!
You are too injured to fight recklessly!
You are too injured to fight recklessly!
You puncture the hell hog!
The hell hog is heavily wounded.
You closely miss the hell hog.
The hell hog is heavily wounded.
The hell hog breathes fire at you.
The fireball explodes!
The fireball engulfs you!
You die...

#### #∩∩## ≈
####.# ≈≈≈
##@..##
≈≈≈≈≈#h######§§
≈≈≈≈≈≈Oc......≈§
≈≈≈≈.≈.§§.......
≈≈≈≈≈...####..≈≈
≈≈≈≈≈≈.## ..≈
≈≈≈≈≈≈. ≈
≈≈≈≈.≈. ≈≈≈≈≈≈.


You could see a hell hog, a two-headed ogre and a centaur.

Vanquished Creatures
  A centaur warrior (D:12)
  Nergalle (Lair:1)
  An unseen horror (D:12)
  3 hill giants (D:11)
  A deep elf mage (D:10)
  An orc knight (D:10)
  2 ugly things
  A salamander (Volcano)
  A cyclops (D:11)
  2 centaur zombies (D:11)
  3 gargoyles
  Joseph (D:9)
  A komodo dragon (Lair:1)
  2 guardian mummies (D:13)
  A troll (D:9)
  2 hornets
  3 slime creatures (D:13)
  3 two-headed ogres
  A centaur simulacrum (D:13)
  A hippogriff (Lair:1)
  A spriggan (D:10)
  3 wraiths
  30 yaks
  A fire bat (Volcano)
  3 wyverns
  Menkaure (D:6)
  2 hungry ghosts
  A mottled dragon (D:12)
  A soldier ant (D:13)
  4 water moccasins
  Duvessa (D:7)
  4 porcupines
  A black bear (D:12)
  25 orc warriors
  7 ice beasts
  8 ogres
  2 phantoms
  3 sky beasts
  2 necrophages
  2 eyes of draining
  19 centaurs
  3 crocodiles
  4 big kobolds
  12 bullfrogs
  Dowan (D:7)
  3 scorpions
  A water moccasin skeleton (D:11)
  13 killer bees
  23 wights
  4 howler monkeys
  An electric eel (D:6)
  5 crimson imps
  6 two-headed ogre zombies (D:12)
  6 hounds
  A quasit (D:9)
  11 orc priests
  3 jellies
  11 orc wizards
  4 centaur skeletons
  4 iguanas
  11 worker ants
  A killer bee zombie (D:7)
  A hound zombie (D:11)
  2 hound skeletons
  2 worker ant zombies
  14 adders
  A river rat (Sewer)
  5 shadow imps
  4 oozes
  An adder zombie (D:8)
  8 worms
  A dart slug (D:2)
  7 leopard geckos
  75 orcs
  13 bats
  8 giant cockroaches
  12 goblins
  12 hobgoblins
  12 jackals
  22 kobolds
  7 quokkas
  8 ball pythons
  3 frilled lizards
  A leopard gecko skeleton (D:4)
  11 rats
511 creatures vanquished.

Vanquished Creatures (others)
  A two-headed ogre (Volcano)
1 creature vanquished.

Grand Total: 512 creatures vanquished

Notes
Turn   | Place    | Note
-------+----------+-------------------------------------------
     0 | D:1      | Yakui the Human Assassin began the quest for the Orb.
     0 | D:1      | Reached XP level 1. HP: 16/16 MP: 1/1
   451 | D:1      | Reached XP level 2. HP: 22/22 MP: 2/2
   687 | D:1      | Reached XP level 3. HP: 28/28 MP: 3/3
  1907 | D:2      | Reached XP level 4. HP: 31/34 MP: 4/4
  1985 | D:2      | Found a glowing golden altar of the Shining One.
  2443 | D:2      | Reached XP level 5. HP: 35/40 MP: 5/5
  2761 | D:3      | Found a burning altar of Makhleb.
  3128 | D:3      | Found a glowing drain.
  3137 | Sewer    | Entered a sewer
  3301 | Sewer    | Reached skill level 5 in Stealth
  3377 | Sewer    | Noticed a big kobold
  3398 | Sewer    | Killed a big kobold
  3398 | Sewer    | Reached XP level 6. HP: 41/47 MP: 6/6
  3964 | D:4      | Reached XP level 7. HP: 23/53 MP: 7/7
  4605 | D:5      | Entered Level 5 of the Dungeon
  4618 | D:5      | Found a staircase to the Ecumenical Temple.
  4626 | Temple   | Entered the Ecumenical Temple
  4750 | Temple   | Became a worshipper of Dithmenos the Shadowed
  4984 | D:5      | Noticed Sigmund
  5333 | D:5      | Reached skill level 6 in Stealth
  5333 | D:5      | Reached XP level 8. HP: 58/61 MP: 8/8
  6130 | D:6      | Found an iron altar of Okawaru.
  6131 | D:6      | Found a hazy altar of Hepliaklqana.
  6133 | D:6      | Found a basalt altar of Yredelemnul.
  6143 | D:6      | Reached skill level 5 in Fighting
  6143 | D:6      | Reached skill level 5 in Short Blades
  6397 | D:6      | Noticed mmcf's ghost (novice FoFi)
  6656 | D:6      | Reached skill level 5 in Dodging
  6812 | D:6      | Reached XP level 9. HP: 68/68 MP: 9/9
  6892 | D:6      | HP: 2/68 [orc warrior/mace (12)]
  7359 | D:5      | Reached skill level 7 in Stealth
  7607 | D:6      | Reached * piety under Dithmenos
  8019 | D:6      | Noticed Menkaure
  8324 | D:6      | Killed Menkaure
  8795 | D:7      | Noticed Dowan
  8815 | D:7      | Found Mozxoica's Gadget Shoppe.
  8882 | D:7      | Noticed Duvessa
  8966 | D:7      | Killed Duvessa
  8975 | D:7      | Killed Dowan
  9225 | D:7      | Reached skill level 8 in Stealth
  9365 | D:7      | Found a white marble altar of Elyvilon.
  9472 | D:7      | Reached XP level 10. HP: 73/77 MP: 10/10
  9997 | D:8      | Found a staircase to the Lair.
 10158 | D:8      | Reached ** piety under Dithmenos
 10798 | D:9      | Reached skill level 9 in Stealth
 11604 | D:9      | Reached XP level 11. HP: 43/86 MP: 11/11
 12032 | D:9      | Noticed Joseph
 12304 | D:9      | Killed Joseph
 12412 | D:9      | Reached *** piety under Dithmenos
 13607 | D:9      | Reached skill level 10 in Stealth
 13867 | D:10     | Entered Level 10 of the Dungeon
 13867 | D:10     | Found Ygapuwn's Antique Weapon Boutique.
 13876 | D:10     | Bought a translucent long sword for 195 gold pieces
 13876 | D:10     | Identified the +6 long sword of Pulur {slice, Int+4} (You bought it in a shop on level 10 of the Dungeon)
 13877 | D:10     | Bought a glowing short sword for 207 gold pieces
 14009 | D:10     | Found Daeblih's Magic Scroll Emporium.
 14020 | D:10     | Found Hawn's Weapon Shoppe.
 14082 | D:10     | Found Morhem's Armour Emporium.
 14342 | D:10     | Reached **** piety under Dithmenos
 14581 | D:10     | Noticed a deep elf mage
 14699 | D:10     | Found Udwiluc's Antique Armour Emporium.
 14742 | D:10     | Killed a deep elf mage
 14742 | D:10     | Reached skill level 1 in Long Blades
 14742 | D:10     | Reached skill level 1 in Invocations
 15262 | D:10     | HP: 2/89 [orc warrior/trident (18)]
 15454 | D:10     | Noticed an orc knight
 15529 | D:10     | Killed an orc knight
 15718 | D:11     | Noticed a cyclops
 15735 | D:11     | Killed a cyclops
 15735 | D:11     | Reached XP level 12. HP: 95/95 MP: 12/14
 16119 | D:11     | Reached skill level 11 in Stealth
 16302 | D:11     | Found a staircase to the Orcish Mines.
 17056 | D:12     | Reached ***** piety under Dithmenos
 17125 | D:12     | Learned a level 1 spell: Confusing Touch
 17129 | D:12     | Learned a level 3 spell: Confuse
 17271 | D:12     | Killed an unseen horror
 17354 | D:12     | Noticed a centaur warrior
 17847 | D:11     | Reached skill level 1 in Spellcasting
 17847 | D:11     | Reached skill level 1 in Hexes
 18197 | D:12     | Killed a centaur warrior
 18981 | D:12     | Reached XP level 13. HP: 87/101 MP: 16/18
 19117 | D:12     | Reached skill level 10 in Short Blades
 20048 | D:13     | Reached skill level 5 in Hexes
 20231 | D:13     | Found a portal to a secret trove of treasure.
 20235 | D:13     | Reached skill level 10 in Dodging
 20313 | D:13     | Noticed an eight-headed hydra
 20679 | D:13     | Reached skill level 5 in Invocations
 21934 | D:14     | Found a flagged portal.
 21958 | Bailey   | Entered a bailey
 22044 | Bailey   | Reached skill level 10 in Fighting
 22506 | Bailey   | Got an ichor-stained buckler
 22513 | Bailey   | Identified the +3 buckler of Plog {rN+} (You found it in a bailey)
 22514 | Bailey   | Found a roughly hewn altar of Beogh.
 22729 | Bailey   | Identified a scroll of acquirement
 22829 | D:14     | Noticed Frances
 22838 | D:14     | Found a gate to the Vaults.
 22838 | D:14     | Noticed a vault guard
 22838 | D:14     | Noticed a vault guard
 22838 | D:14     | Noticed a vault guard
 22839 | D:14     | Noticed a vault guard
 23088 | Lair:1   | Entered Level 1 of the Lair of Beasts
 23181 | Lair:1   | Reached skill level 1 in Shields
 23648 | Lair:1   | Noticed Nergalle
 23764 | Lair:1   | Killed Nergalle
 24069 | Lair:2   | Found a dark tunnel.
 24081 | Volcano  | Entered a volcano
 24145 | Volcano  | Reached skill level 12 in Stealth
 24163 | Volcano  | Killed from afar by a hell hog

Skill      XL: |  1  2  3  4  5  6  7  8  9 10 11 12 13 |
---------------+----------------------------------------+-----
Dodging        | 2 3 4 5 6 7 9 10 | 10.3
Short Blades   | 3 4 5 6 8 9 10 | 10.2
Fighting       | 3 4 5 6 8 9 10 | 10.0
Stealth        | 5 6 8 9 10 11 12 | 12.0
Long Blades    | 2 |  2.6
Invocations    | 2 4 5 |  5.1
Spellcasting   | 3 4 |  4.0
Hexes          | 4 5 |  5.8
Shields        | 3 |  3.4
Throwing       | |  2.0

Action                   |  1- 3 |  4- 6 |  7- 9 | 10-12 | 13-15 || total
-------------------------+-------+-------+-------+-------+-------++-------
Melee: Dagger            |    97 |   305 |   455 |   673 |       ||  1530
       Long sword        |       |       |       |   292 |    53 ||   345
       Short sword       |       |       |       |   556 |   800 ||  1356
       Rapier            |       |       |       |       |   218 ||   218
 Fire: Blowgun           |       |       |     6 |       |       ||     6
 Cast: Confusing Touch   |       |       |       |     1 |       ||     1
  Use: Scroll            |       |     7 |    12 |     9 |     6 ||    34
       Potion            |       |       |       |     3 |     3 ||     6
 Stab: Sleeping          |     6 |     6 |     8 |    33 |    22 ||    75
       Distracted        |       |       |     1 |     4 |     4 ||     9
  Eat: Chunk             |     1 |     5 |    12 |    28 |    12 ||    58
       Bread ration      |     1 |       |       |       |       ||     1
       Fruit             |       |       |     4 |     7 |     1 ||    12
       Royal jelly       |       |       |     1 |       |       ||     1
       Pizza             |       |       |       |       |     2 ||     2
       Beef jerky        |       |       |       |       |     2 ||     2
       Meat ration       |       |       |       |       |     1 ||     1
Armor: Robe              |    17 |       |       |       |       ||    17
       Ring mail         |     6 |    97 |   133 |    27 |       ||   263
       Leather armour    |       |       |       |   374 |   180 ||   554
       Skin              |       |       |       |       |    30 ||    30
Dodge: Dodged            |    65 |   113 |   241 |  1251 |   707 ||  2377
Block: Buckler           |       |       |       |       |    68 ||    68
       Rpst.: Long sword |       |       |       |    65 |    10 ||    75
